 Dungeon Crawl Stone Soup version 0.27.1-3-gb3d3a73c9e (webtiles) character file.

Game seed: 1540399180718719530

1873 CuBeRJAN3 the Skirmisher (level 9, -5/66 HPs)
             Began as a Djinni Conjurer on Oct 26, 2021.
             Slain by an unseen horror (7 damage)
             ... on level 7 of the Dungeon.
             The game lasted 00:19:57 (8453 turns).

CuBeRJAN3 the Skirmisher (Djinni Conjurer)          Turns: 8453, Time: 00:19:57

Health: -5/66      AC:  3    Str: 12    XL:     9   Next: 36%
Gold:   294        EV: 13    Int: 23    God:
                   SH:  0    Dex: 12

rFire    + + .     SeeInvis .   w - +2 dagger (flame)
rCold    x . .     Faith    .   (no shield)
rNeg     . . .     Spirit   .   a - +0 robe
rPois    ∞         Reflect  .   o - +0 hat
rElec    .         Harm     .   (no cloak)
rCorr    .         Rampage  .   n - +0 pair of gloves
Will     .....                  (boots unavailable)
Stlth    ++........             (no amulet)
HPRegen  0.21/turn              p - +6 ring of strength
MPRegen  0.00/turn              (no ring)

@: flying, very slightly contaminated
A: sickness immunity, fire resistance 2, cold vulnerability 1, float, innate
caster, hp casting, extra vitality 1
a: no special abilities


You were on level 7 of the Dungeon.
You visited 2 branches of the dungeon, and saw 8 of its levels.
You also visited: Sewer.

You collected 294 gold pieces.

Inventory:

Hand Weapons
 w - a +2 dagger of flaming (weapon)
Armour
 a - a +0 robe (worn)
 n - a +0 pair of gloves (worn)
 o - a +0 hat (worn)
Jewellery
 p - a +6 ring of strength (left hand)
Wands
 t - a wand of polymorph (9)
Scrolls
 b - 2 scrolls of torment {unknown}
 e - 2 scrolls of fear
 f - 2 scrolls of fog
 h - 2 scrolls of teleportation
 k - a scroll of enchant armour {unknown}
 l - a scroll of summoning {unknown}
 m - a scroll of enchant weapon {unknown}
 r - a scroll of vulnerability {unknown}
 v - 2 scrolls of blinking {unknown}
Potions
 c - 2 potions of heal wounds
 d - 2 potions of degeneration {unknown}
 g - 4 potions of curing
 i - 3 potions of attraction
 j - 2 potions of lignification {unknown}
 q - a potion of invisibility {unknown}
 s - a potion of berserk rage {unknown}


   Skills:
 * Level 6.0 Fighting
 + Level 3.4 Short Blades
 + Level 5.3 Dodging
 + Level 4.2 Stealth
 * Level 5.8 Spellcasting


You couldn't memorise any spells.
You knew the following spells:

 Your Spells              Type           Power      Damage    Failure   Level
a - Magic Dart            Conj           100%       1d8       1%          1
b - Searing Ray           Conj           66%        3d5       1%          2
c - Dazzling Flash        Conj/Hex       66%        N/A       2%          3
d - Fulminant Prism       Conj/Hex       16%        3d11      8%          4
e - Iskenderun's Mystic   Conj/Tloc      33%        2d8       8%          4
f - Animate Skeleton      Necr           66%        N/A       1%          1
g - Ensorcelled Hibernat  Hex/Ice        66%        N/A       1%          2
h - Confusing Touch       Hex            33%        N/A       2%          3
i - Airstrike             Air            16%        N/A       8%          4
Your spell library was empty.

Dungeon Overview and Level Annotations

Branches:
Dungeon (7/15)             Temple (1/1) D:5           Sewer (visited)

Altars:
Ashenzari
Cheibriados
Elyvilon
Fedhas
Gozag
Kikubaaqudgha
Okawaru
Qazlal
Sif Muna
Trog
Uskayaw
Vehumet
Wu Jian
Xom
Zin
The Shining One
Lugonu

Shops:
D:3 *


Innate Abilities, Weirdness & Mutations

You are immune to sickness and miasma.
You are immune to poison.
Your flesh is very heat resistant. (rF++)
You are vulnerable to cold. (rC-)
You float through the air rather than walking.
You learn spells naturally, not from books.
Your magical power is your life essence.
You have superior vitality. (+4 HP)


Message History

Confirm with . or Enter, or press ? or * to list all spells.
You erupt in a blast of force!
The mystic blast hits something.
Something hits you.
* * * LOW HITPOINT WARNING * * *
Casting: Iskenderun's Mystic Blast (dangerous; 8% risk of failure)
Confirm with . or Enter, or press ? or * to list all spells.
You erupt in a blast of force!
The mystic blast hits something!
* * * LOW HITPOINT WARNING * * *
Casting: Iskenderun's Mystic Blast (dangerous; 8% risk of failure)
Confirm with . or Enter, or press ? or * to list all spells.
You erupt in a blast of force!
The mystic blast hits something.
* * * LOW HITPOINT WARNING * * *
Something hits you but does no damage.
Casting: Iskenderun's Mystic Blast (dangerous; 8% risk of failure)
Confirm with . or Enter, or press ? or * to list all spells.
You erupt in a blast of force!
The mystic blast hits something!
* * * LOW HITPOINT WARNING * * *
You feel much better. Something completely misses you.
Casting: Iskenderun's Mystic Blast (dangerous; 8% risk of failure)
Confirm with . or Enter, or press ? or * to list all spells.
You erupt in a blast of force!
The mystic blast hits something!
* * * LOW HITPOINT WARNING * * *
Casting: Iskenderun's Mystic Blast (dangerous; 8% risk of failure)
Confirm with . or Enter, or press ? or * to list all spells.
You miscast Iskenderun's Mystic Blast.
Nothing appears to happen.
* * * LOW HITPOINT WARNING * * *
Something hits you but does no damage. Something hits you.
* * * LOW HITPOINT WARNING * * *
Casting: Iskenderun's Mystic Blast (dangerous; 8% risk of failure)
Confirm with . or Enter, or press ? or * to list all spells.
You erupt in a blast of force!
The mystic blast hits something.
* * * LOW HITPOINT WARNING * * *
Something hits you.
* * * LOW HITPOINT WARNING * * *
Casting: Iskenderun's Mystic Blast (dangerous; 8% risk of failure)
Confirm with . or Enter, or press ? or * to list all spells.
You erupt in a blast of force!
The mystic blast hits something.
* * * LOW HITPOINT WARNING * * *
Something hits you!
You die...

####################
..........#........#
..........#........#
##+##.....#........#
....#.....#.....@{.#
....+.....#######..#
....##'#####...##..#
...........#...##..##
####.......+....#...#
+ #.......#....#...#
# #.......#...##..##
# #.......#...##..# #
#.......#...##..# .#+


There were no monsters in sight!

Vanquished Creatures
  A centaur zombie (D:6)
  Eustachio (D:6)
  An orc warrior (D:7)
  An ice beast (D:6)
  A sky beast (D:5)
  4 kobold brigands (Sewer)
  A wyvern zombie (D:7)
  2 scorpions
  3 hounds
  A centaur skeleton (D:5)
  A bullfrog skeleton (D:5)
  2 orc priests (D:7)
  2 jellies
  2 iguanas
  A scorpion zombie (D:5)
  4 orc wizards
  2 river rats (Sewer)
  12 adders
  An ufetubus (D:6)
  6 worms
  4 dart slugs
  18 orcs
  7 ball pythons
  2 bats
  13 endoplasms
  3 giant cockroaches
  2 goblins (D:2)
  5 hobgoblins
  6 jackals (D:1)
  7 quokkas
  A frilled lizard (D:1)
  15 kobolds
  9 rats
141 creatures vanquished.

Vanquished Creatures (others)
  A wizard (D:5)
1 creature vanquished.

Grand Total: 142 creatures vanquished

Notes
Turn   | Place    | Note
-------+----------+-------------------------------------------
     0 | D:1      | CuBeRJAN3 the Djinni Conjurer began the quest for the Orb.
     0 | D:1      | Reached XP level 1. HP: 15/15 MP: 0/0
    25 | D:1      | Reached XP level 2. HP: 10/22 MP: 0/0
   273 | D:1      | Reached skill level 1 in Fighting
   573 | D:1      | Reached XP level 3. HP: 24/27 MP: 0/0
   573 | D:1      | Learned a level 1 spell: Animate Skeleton
   701 | D:1      | Found a faded altar of an unknown god.
  1662 | D:2      | Reached XP level 4. HP: 30/32 MP: 0/0
  2069 | D:3      | Found Zin's Purification Station.
  2072 | D:3      | Found a glowing silver altar of Zin.
  2411 | D:3      | Found a glowing golden altar of the Shining One.
  2636 | D:3      | Reached skill level 2 in Fighting
  2640 | D:3      | Reached XP level 5. HP: 27/38 MP: 0/0
  2640 | D:3      | Learned a level 2 spell: Ensorcelled Hibernation
  3383 | D:4      | Found a white marble altar of Elyvilon.
  3570 | D:4      | Reached XP level 6. HP: 41/45 MP: 0/0
  3625 | D:4      | Reached skill level 1 in Short Blades
  4003 | D:5      | Entered Level 5 of the Dungeon
  4118 | D:5      | Reached skill level 3 in Fighting
  4242 | D:5      | Found a bloodstained altar of Trog.
  4245 | D:5      | Noticed a wizard
  4250 | D:5      | Killed a wizard
  4299 | D:5      | Found a stormy altar of Qazlal.
  4407 | D:5      | Noticed a sky beast
  4428 | D:5      | Killed a sky beast
  4429 | D:5      | Reached XP level 7. HP: 44/50 MP: 0/0
  4429 | D:5      | Learned a level 3 spell: Confusing Touch
  4619 | D:5      | Found a glowing drain.
  4627 | Sewer    | Entered a sewer
  5415 | Sewer    | Reached skill level 4 in Fighting
  5419 | Sewer    | Reached XP level 8. HP: 40/58 MP: 0/0
  6476 | D:5      | Reached skill level 5 in Spellcasting
  6511 | D:5      | Found a staircase to the Ecumenical Temple.
  6517 | Temple   | Entered the Ecumenical Temple
  6854 | D:6      | Noticed Eustachio
  6875 | D:6      | Killed Eustachio
  7010 | D:6      | Found a broken altar of Ashenzari.
  7091 | D:6      | Reached skill level 5 in Fighting
  7441 | D:6      | Found an ornate altar of the Wu Jian Council.
  7569 | D:6      | Reached skill level 5 in Dodging
  7569 | D:6      | Reached XP level 9. HP: 34/65 MP: 0/0
  7569 | D:6      | Learned a level 4 spell: Airstrike
  8255 | D:7      | Reached skill level 6 in Fighting
  8453 | D:7      | Slain by an unseen horror

Illustrated notes

Levels and vault maps discovered:
D:1:      minmay_arrival_four_circles, layout_rooms,
          shapermc_ecumenical_altar_notcrosses
D:2:      layout_basic, minmay_indecisive_spiral
D:3:      layout_rooms, zin_purify, mainiacjoe_overflow_six_doors_small
D:4:      layout_rooms, general_overflow_altar, serial_rivers,
          chequers_serial_rivers_micro_b, chequers_serial_rivers_large_b,
          chequers_serial_rivers_micro_c, chequers_serial_rivers_large_a,
          chequers_serial_rivers_small_a, st_stairs_2, guppyfry_early_lair_pool
D:5:      layout_rooms, nicolae_qazlal_scattered_showers, trog_wizard,
          minmay_temple_entry_fiery, portal_sewer_entry_f
D:6:      layout_cave_pools, nicolae_ashenzari_panopticon,
          mainiacjoe_overflow_catwalk, uniq_eustachio
D:7:      layout_gridville, minitemple, enter_bailey_2
Temple:   corrupted_temple

Skill      XL: |  1  2  3  4  5  6  7  8  9 |
---------------+----------------------------+-----
Fighting       | 1 2 3 4 5 6 |  6.0
Stealth        | 2 3 4 |  4.2
Dodging        | 3 4 5 |  5.3
Spellcasting   | 4 5 |  5.8
Short Blades   | 1 2 3 |  3.4

Action                   |  1- 3 |  4- 6 |  7- 9 || total
-------------------------+-------+-------+-------++-------
Melee: Dagger            |       |       |    48 ||    48
 Cast: Magic Dart        |    57 |    31 |    63 ||   151
       Searing Ray       |     5 |    26 |    26 ||    57
       Iskenderun's Myst |       |     2 |    33 ||    35
       Confusing Touch   |       |       |     7 ||     7
       Dazzling Flash    |       |       |     1 ||     1
       Airstrike         |       |       |     3 ||     3
  Use: Scroll            |       |     4 |     2 ||     6
       Potion            |       |       |     1 ||     1
 Stab: Confused          |       |       |     4 ||     4
       Invisible         |       |       |     1 ||     1
Armor: Robe              |     1 |     4 |    16 ||    21
Dodge: Dodged            |     5 |    13 |    38 ||    56
